 Dungeon Crawl Stone Soup version 0.31-a0-435-g2c6fae2916 (webtiles) character file.

Game seed: 7138661103483706177

627 Grim the Cleaver (level 7, 0/57 HPs)
             Began as a Minotaur Berserker on Aug 1, 2023.
             Was a Believer of Trog.
             Slain by Eustachio
             ... wielding a +0 rapier
              (8 damage)
             ... on level 4 of the Dungeon.
             The game lasted 00:04:34 (2553 turns).

Grim the Cleaver (Minotaur Berserker)               Turns: 2553, Time: 00:04:35

Health: 0/57       AC:  2    Str: 21    XL:     7   Next: 23%
Magic:  6/6        EV: 12    Int:  6    God:    Trog [**....]
Gold:   164        SH:  0    Dex: 10    Spells: 6/6 levels left

rFire   . . .        q - +0 war axe
rCold   . . .        (no shield)
rNeg    . . .        b - +0 animal skin
rPois   .            (helmet restricted)
rElec   .            (no cloak)
rCorr   .            (no gloves)
SInv    .            (no boots)
Will    .....        (no amulet)
Stlth   +            (no ring)
HPRegen 0.29/turn    (no ring)
MPRegen 0.10/turn

%: no passive effects
@: on berserk cooldown, slowed, very slow
A: horns 2, retaliatory headbutt
a: Renounce Religion, Berserk, Trog's Hand


You were on level 4 of the Dungeon.
You worshipped Trog.
Trog was pleased with you.
You visited 1 branch of the dungeon, and saw 4 of its levels.

You collected 164 gold pieces.

Inventory:

Hand Weapons
 a - a +0 hand axe
 q - a +0 war axe (weapon)
Missiles
 u - 6 javelins
Armour
 b - a +0 animal skin (worn)
Jewellery
 l - an amulet of magic regeneration
Wands
 p - a wand of polymorph (5)
Scrolls
 c - 5 scrolls of identify {unknown}
 d - 3 scrolls of teleportation {unknown}
 e - a scroll of noise {unknown}
 g - a scroll of blinking {unknown}
 h - 2 scrolls of poison {unknown}
 j - a scroll of revelation {unknown}
 n - 2 scrolls of fog {unknown}
Potions
 f - a potion of might {unknown}
 i - 3 potions of attraction {unknown}
 k - a potion of curing {unknown}
 m - a potion of brilliance {unknown}
 o - a potion of cancellation {unknown}
 r - a potion of invisibility {unknown}
 s - a potion of magic {unknown}
 t - 2 potions of enlightenment {unknown}


   Skills:
 - Level 3.6 Fighting
 + Level 10.1 Axes
 - Level 2.4 Armour
 - Level 2.1 Dodging


You had 6 spell levels left.
You didn't know any spells.
Your spell library was empty.

Dungeon Overview and Level Annotations

Branches:
Dungeon (4/15)
 Temple: D:4-7

Altars:
Dithmenos
Hepliaklqana
Nemelex Xobeh
Okawaru
Ru

Annotations:
D:4 Eustachio


Innate Abilities, Weirdness & Mutations

You have a pair of horns on your head.
You reflexively headbutt those who attack you in melee.


Message History

Eustachio casts a spell.
Eustachio blinks!
Your Axes skill increases to level 10!
You completely miss the jelly. The jelly hits you but does no damage.
You slash the jelly!
Your hands burn!
* * * LOW HITPOINT WARNING * * *
You headbutt the jelly.
You kill the jelly!
Trog accepts your kill.
Unknown command.
A hobgoblin comes into view.
You miss Eustachio. You closely miss the gnoll bouda.
The gnoll bouda misses you.
Eustachio casts a spell.
You closely miss Eustachio. You barely miss the gnoll bouda.
You barely miss Eustachio. You closely miss the gnoll bouda.
You slash the ufetubus!
You kill the ufetubus!
The ufetubus disappears in a puff of smoke!
You are no longer berserk.
You are exhausted.
You feel yourself slow down. Eustachio hits you with a +0 rapier.
* * * LOW HITPOINT WARNING * * *
The gnoll bouda barely misses you.
You closely miss Eustachio.
You hit the gnoll bouda but do no damage.
You hit the shadow imp.
Your skin stops crawling.
You feel less strong-willed. The shadow imp barely misses you.
You furiously retaliate!
You headbutt the shadow imp. Eustachio hits you with a +0 rapier.
* * * LOW HITPOINT WARNING * * *
The gnoll bouda barely misses you.
You slash Eustachio! You headbutt Eustachio!
Eustachio is heavily wounded.
You slash the gnoll bouda! You slash the shadow imp!
The shadow imp gestures at you. Pain shoots through your body!
* * * LOW HITPOINT WARNING * * *
The gnoll bouda barely misses you. Eustachio hits you with a +0 rapier!
You die...

.. ..#### ######### ......
......).#
.....#######..#.#
.....#.#.#.#..#)########
..g..#^^^^^#....)......#
...#########....@......#
...#.'.....'...5@g.....# .
##.#########....5..g...#
.#
#...#^^^^^#...........##.#
###.#.#.#.#.#.........#..#
#.#######.#...........#
... .$#...........# ...
.#.#...........# #### ...
....#.......(...# #....


You could see Eustachio, a gnoll bouda, a crimson imp (summoned), a shadow imp
(summoned) and a hobgoblin.

Vanquished Creatures
  Sigmund (D:3)
  2 jellies (D:4)
  An orc priest (D:3)
  2 iguanas (D:4)
  Jessica (D:2)
  Ijyb (D:3)
  Natasha (thrice) (D:2)
  2 orc wizards
  A gnoll (D:4)
  8 adders
  An ufetubus (D:4)
  2 worms (D:3)
  6 orcs
  6 endoplasms
  A giant cockroach (D:1)
  6 goblins
  8 hobgoblins
  6 ball pythons
  2 bats
  3 frilled lizards
  8 kobolds
  7 rats
78 creatures vanquished.

Notes
Turn   | Place    | Note
-------+----------+-------------------------------------------
     0 | D:1      | Grim the Minotaur Berserker began the quest for the Orb.
     0 | D:1      | Reached XP level 1. HP: 19/19 MP: 0/0
    93 | D:1      | Reached skill level 4 in Axes
   215 | D:1      | Reached XP level 2. HP: 21/26 MP: 1/1
   666 | D:2      | Noticed Natasha
   670 | D:2      | Killed Natasha
   671 | D:2      | Reached skill level 5 in Axes
   671 | D:2      | Reached XP level 3. HP: 22/31 MP: 2/2
   740 | D:2      | Noticed Jessica
   751 | D:2      | Reached ** piety under Trog
   759 | D:2      | Noticed Natasha
   765 | D:2      | Killed Natasha
   766 | D:2      | Reached skill level 6 in Axes
   766 | D:2      | Reached XP level 4. HP: 32/39 MP: 3/3
   766 | D:2      | Killed Jessica
  1027 | D:2      | Noticed Natasha
  1034 | D:2      | Killed Natasha
  1312 | D:3      | Reached XP level 5. HP: 41/45 MP: 4/4
  1313 | D:3      | Reached skill level 7 in Axes
  1338 | D:3      | Noticed Ijyb
  1346 | D:3      | Killed Ijyb
  1512 | D:3      | Found a sparkling altar of Nemelex Xobeh.
  1594 | D:3      | Found a faded altar of an unknown god.
  1622 | D:3      | Found a hazy altar of Hepliaklqana.
  1859 | D:3      | Found a shadowy altar of Dithmenos.
  1861 | D:3      | Noticed Sigmund
  1876 | D:3      | Killed Sigmund
  1877 | D:3      | Reached skill level 8 in Axes
  1877 | D:3      | Reached XP level 6. HP: 51/51 MP: 5/5
  1932 | D:3      | Reached skill level 9 in Axes
  1991 | D:3      | Found an iron altar of Okawaru.
  2099 | D:3      | Found a sacrificial altar of Ru.
  2318 | D:4      | HP: 3/76 [orc/+2 trident of freezing (2)]
  2323 | D:4      | HP: 2/76 [goblin/+0 dagger (2)]
  2536 | D:4      | Reached XP level 7. HP: 41/57 MP: 6/6
  2541 | D:4      | Noticed Eustachio
  2546 | D:4      | Reached skill level 10 in Axes
  2553 | D:4      | Slain by Eustachio

Illustrated notes

Levels and vault maps discovered:
D:1:      amcnicky_arrival_gap_in_the_tavern_cellar, layout_loops_cross
D:2:      layout_rooms, kennysheep_generic_room_13, uniq_jessica, uniq_natasha
D:3:      layout_basic, mainiacjoe_overflow_cross_hatched,
          nicolae_ru_path_of_blood, mainiacjoe_overflow_surrounded_room,
          nicolae_hepliaklqana_hazy_memory, mainiacjoe_overflow_tiny_flanked,
          shapermc_ecumenical_altar_acropolis, uniq_crazy_yiuf_cottage,
          uniq_ijyb, uniq_sigmund
D:4:      layout_basic, overflow_temple_1_default, mainiacjoe_overflow_catwalk,
          serial_glass, glass_columns_c, glass_columns_b, glass_columns_b,
          glass_columns_a, hangedman_decor_clover_reticule, grunt_tough_drop,
          uniq_eustachio, uniq_edmund

Skill      XL: |  1  2  3  4  5  6  7 |
---------------+----------------------+-----
Axes           | 4 5 6 8 9 10 | 10.1
Fighting       | |  3.6
Armour         | |  2.4
Dodging        | |  2.1

Action                     |  1- 3 |  4- 6 |  7- 9 || total
---------------------------+-------+-------+-------++-------
  Melee: Hand axe          |    54 |    34 |       ||    88
         Headbutt          |     6 |    14 |     4 ||    24
         War axe           |       |    65 |    15 ||    80
 Invoke: Berserk           |     1 |     5 |       ||     6
         Trog's Hand       |       |     4 |       ||     4
   Stab: Sleeping          |     1 |       |       ||     1
 Armour: Animal skin       |     5 |    13 |     2 ||    20
  Dodge: Dodged            |    31 |    45 |     7 ||    83

Table legend: (Time is in decaauts)
 A = Elapsed time spent in this place.
 B = Non-inter-level travel time spent in this place.
 C = Inter-level travel time spent in this place.
 D = Time resting spent in this place.
 E = Time spent auto-exploring this place.
 F = Levels seen in this place.
 G = Mean time per level.
                   A        B        C        D        E       F      G
               +--------+--------+--------+--------+--------+-----+--------+
         Total |   2607 |   2545 |     62 |    501 |   1636 |   4 |  651.8 |
       Dungeon |   2607 |   2545 |     62 |    501 |   1636 |   4 |  651.8 |
               +--------+--------+--------+--------+--------+-----+--------+

Top non-repeatable levels by time:
     D:3: 890 daAuts
     D:1: 669 daAuts
     D:2: 652 daAuts
     D:4: 394 daAuts
